 Dungeon Crawl Stone Soup version 0.17-a0-977-g4154171 (webtiles) character file.

30 Hanyuu the Insei (level 3, -3/23 HPs)
             Began as an Octopode Transmuter on May 10, 2015.
             Killed from afar by Sigmund (7 damage)
             ... with a magic dart
             ... on level 2 of the Dungeon.
             The game lasted 00:04:06 (1647 turns).

Hanyuu the Insei (Octopode Transmuter)              Turns: 1647, Time: 00:04:06

Health: -3/23      AC:  1    Str:  9    XL:     3   Next: 18%
Magic:  4/6        EV: 12    Int: 16    God:
Gold:   52         SH:  0    Dex: 12    Spells: 3 memorised, 0 levels left

rFire  . . .     SeeInvis .       - Unarmed
rCold  . . .     Clarity  .     (no shield)
rNeg   . . .     SustAb   +     (helmet restricted)
rPois  .         Gourm    .     n - amulet of stasis
rElec  .         Spirit   .     g - ring of sustain abilities
rCorr  .         Warding  .     (no ring)
rMut   .         Stasis   +     (no ring)
MR     .....                    (no ring)
Stlth  ++........               (no ring)
                                (no ring)
                                (no ring)
                                (no ring)

@: not resistant to hostile enchantments, unstealthy
A: almost no armour, amphibious, 8 rings, constrict 8, camouflage 1, gelatinous
body 1
a: no special abilities


You were on level 2 of the Dungeon.
You were not hungry.

You visited 1 branch of the dungeon, and saw 2 of its levels.

You collected 52 gold pieces.

Inventory:

Hand weapons
 a - a +0 hunting sling of flaming
Missiles
 q - 43 arrows
 r - 19 stones (quivered)
Jewellery
 g - a ring of sustain abilities (left tentacle)
 n - an amulet of stasis (around mantle)
Scrolls
 k - a scroll of remove curse
 l - a scroll of teleportation {unknown}
 o - a scroll of immolation {unknown}
Potions
 e - a potion of experience
 f - a potion of heal wounds {unknown}
 h - a potion of curing
 p - a potion of magic {unknown}
Books
 b - a book of Changes

   Spells                             Type                      Level
   a - Beastly Appendage              Transmutation                1
   b - Sticks to Snakes               Transmutation                2
   c - Spider Form                    Transmutation/Poison         3
   d - Ice Form                       Ice/Transmutation            4
   e - Blade Hands                    Transmutation                5
Comestibles
 c - 2 bread rations
 d - a meat ration
 m - a beef jerky


   Skills:
 - Level 1.0 Fighting
 - Level 2.0 Dodging
 * Level 4.2 Unarmed Combat
 - Level 2.0 Spellcasting
 - Level 2.0 Transmutations


You couldn't memorise any spells.
You knew the following spells:

 Your Spells              Type           Power        Failure   Level  Hunger
a - Beastly Appendage     Trmt           #.....       10%         1    #......
b - Sticks to Snakes      Trmt           #.........   14%         2    ###....
c - Spider Form           Trmt/Pois      #.........   38%         3    ###....


Dungeon Overview and Level Annotations

Branches:
Dungeon (2/15)

Altars:

Annotations:
D:2 Sigmund


Innate Abilities, Weirdness & Mutations

You cannot wear most types of armour.
You are amphibious.
You can wear up to eight rings at the same time.
You can use your tentacles to constrict eight enemies at once.
Your skin changes colour to match your surroundings (Stealth).
Your rubbery body absorbs attacks (AC +1).


Message History

Sigmund is heavily wounded.
You hit Sigmund.
Sigmund is severely wounded.
Sigmund hits you with a scythe.
You barely miss Sigmund.
Sigmund is almost dead.
Sigmund hits you with a scythe!
You closely miss Sigmund.
Sigmund is almost dead.
You closely miss Sigmund.
Sigmund is almost dead.
Sigmund gestures at you while chanting. The puff of flame hits you!
* * * LOW HITPOINT WARNING * * *
You barely miss Sigmund.
Sigmund is almost dead.
Your transformation has ended.
Sigmund points at you and mumbles some strange words.
The magic dart hits you!
You die...

### .. ######.## #.
#.......# #.
#.......# #.
#.......# #.
#..@....### #.
#..@....... #.
#.......###
#§#####.......#
###§§§§......#.###..
#..§§§.....#.#.###.#
#.#.........(....#.#
# #
##.#####.#(#...#.# #
#.# #.(.##..#.#
##### #.#
#..###..#.# #....


You could see Sigmund.

Vanquished Creatures
  A worm (D:2)
  5 bats
  2 goblins
  6 hobgoblins
  2 ball pythons (D:1)
  2 giant cockroaches (D:1)
  A giant newt (D:1)
  3 kobolds
  2 rats
24 creatures vanquished.

Notes
Turn   | Place    | Note
--------------------------------------------------------------
     0 | D:1      | Hanyuu, the Octopode Transmuter, began the quest for the Orb.
     0 | D:1      | Reached XP level 1. HP: 13/13 MP: 3/3
   478 | D:1      | Reached XP level 2. HP: 16/18 MP: 5/5
   506 | D:1      | Learned a level 2 spell: Sticks to Snakes
  1225 | D:2      | Reached skill level 4 in Unarmed Combat
  1248 | D:2      | Reached XP level 3. HP: 20/23 MP: 6/6
  1253 | D:2      | Learned a level 3 spell: Spider Form
  1570 | D:2      | Noticed Sigmund
  1647 | D:2      | Killed from afar by Sigmund

Vault maps used:
D:1:      dpeg_arrival_simpleton_a
D:2:      kennysheep_generic_room_5, uniq_sigmund

Action                   || total
-------------------------++-------
Melee: Unarmed           ||    64
 Fire: Hunting sling     ||     8
 Cast: Spider Form       ||     1
  Use: Scroll            ||     4
 Stab: Sleeping          ||     1
  Eat: Chunk             ||     2
